Cogmind - Beta 16 @@@ ROGUE MODE // 2025.10.23 @ 16:22:35 Player: Cheeseinator Result: Destroyed by H-61 Shepherd with Heavy Assault Cannon Performance ------------- Evolutions (2) 1000 Regions Visited (4) 800 Robots Destroyed (35) 175 Value Destroyed (885) 885 Prototype IDs (4) 80 Alien Tech Used (0) 0 Bonus (0) 0 TOTAL SCORE: 2940 Bonus ------- None Cogmind --------- Core Integrity 0/550 Matter 300/300 Energy 88/100 System Corruption 23% Temperature Cool (0) Movement Core (50) Location -8/Materials Parts ------- > --- POWER (1) -------- (None) > --- PROPULSION (4) --- (None) > --- UTILITY (4) ------ Improved Melee Analysis Suite Improved Melee Analysis Suite > --- WEAPON (2) ------- Axe (fused) > --- INVENTORY (5) ---- Reinforced Ion Engine Light Nuclear Core Improved Heat Sink Improved Melee Analysis Suite Improved Melee Analysis Suite Peak State ------------ > --- POWER ------------ Heavy Ion Engine > --- PROPULSION ------- Aluminum Leg Aluminum Leg Aluminum Leg > --- UTILITY ---------- Small Storage Unit Improved Targeting Computer Melee Analysis Suite Melee Analysis Suite > --- WEAPON ----------- Improved Assault Rifle Axe > --- INVENTORY -------- Reinforced Ion Engine Light Nuclear Core Improved Heat Sink Compact Matter Pod Melee Analysis Suite Melee Analysis Suite Trap Extractor Particle Gun [Rating: 23] Favorites ----------- Power Heavy Ion Engine Engine Heavy Ion Engine Propulsion Aluminum Leg Leg Aluminum Leg Wheel Compact Wheel Flight Unit Flight Unit Utility Small Storage Unit Device Heat Sink Storage Small Storage Unit Processor Visual Processing Unit Protection Light Armor Plating Weapon Medium Laser Energy Gun Medium Laser Energy Cannon Ion Cannon Ballistic Gun Improved Assault Rifle Launcher Rocket Launcher Slashing Weapon Axe Build | -11 -10 -9 -9 -8 ------- Run | Yrd Mat Mat Min Mat Slots Evolved 4 | . . 2 . 2 Power . | . . . . . Propulsion 2 | . . 1 . 1 Utility 2 | . . 1 . 1 Weapon . | . . . . . Parts Attached 47 | 6 4 7 3 27 Power 6 | 1 . 1 . 4 Engine 6 | 1 . 1 . 4 Core . | . . . . . Reactor . | . . . . . Propulsion 13 | 2 1 2 1 7 Treads . | . . . . . Leg 7 | . 1 2 1 3 Wheel 4 | 2 . . . 2 Hover . | . . . . . Flight 2 | . . . . 2 Utility 17 | 1 2 2 . 12 Device 3 | . . 1 . 2 Storage 4 | 1 1 . . 2 Processor 8 | . 1 1 . 6 Hackware . | . . . . . Protection 2 | . . . . 2 Artifact . | . . . . . Weapon 11 | 2 1 2 2 4 Energy Gun 5 | 2 1 1 1 . Energy Cannon 1 | . . . . 1 Ballistic Gun 2 | . . . . 2 Ballistic Cannon . | . . . . . Launcher 2 | . . 1 1 . Special Weapon . | . . . . . Impact Weapon . | . . . . . Slashing Weapon 1 | . . . . 1 Piercing Weapon . | . . . . . Special Melee Weapon . | . . . . . Unidentified Prototypes 2 | . . 1 . 1 Parts Lost 29 | . 1 . 9 19 Power 3 | . . . 1 2 Propulsion 11 | . 1 . 3 7 Utility 8 | . . . 1 7 Weapon 7 | . . . 4 3 Highest Loss Streak 9 | . 1 . 9 6 To Critical Strikes . | . . . . . Average Backups 6 | 1 6 7 6 5 Power 1 | . 1 1 1 1 Propulsion 1 | . 2 1 . . Utility 2 | . . 2 3 4 Weapon 1 | . 2 3 1 . Tool/Special . | . . . . . Unused Backups 7 | . . 1 . 6 Power 2 | . . 1 . 1 Propulsion 1 | . . . . 1 Utility 3 | . . . . 3 Weapon 1 | . . . . 1 Tool/Special . | . . . . . Average Slot Usage (%) 75 | . 89 96 71 56 Engine 9 | . 13 11 7 6 Leg 12 | . 1 32 21 11 Wheel 8 | . 26 . . . Device 1 | . . 3 . 1 Storage 10 | . 16 12 8 5 Processor 11 | . 2 16 18 14 Energy Gun 13 | . 28 18 14 . Ballistic Gun 2 | . . . . 6 Slashing Weapon 2 | . . . . 5 Peak Build Rating 23 | 6 9 15 15 23 Average Rating 10 | 4 7 13 10 14 On Entrance 6 | . 6 9 15 4 Avg Prop Armor Cover (%) 4 | . 4 . . . Naked Turns 18 | . . . . 18 Heaviest Build 22 | 14 17 20 19 22 Greatest Support 30 | 26 26 30 30 30 Greatest Overweight (x) 4 | . 1 . 4 4 Average Overweight (x) . | . . . . . Largest Inventory Capacity 8 | 8 8 8 8 8 Average Capacity 7 | 6 8 8 7 6 Most Carried 8 | 4 8 8 8 8 Average Carried 6 | 1 6 7 6 5 Final Capacity 8 | 8 8 8 5 5 Final Carried 8 | 4 8 7 5 5 Class Distribution -------------------- 82% | Mutant 17% | Scavenger-Mutant Dominant Class ---------------- Mutant | -10/Materials Mutant | -9/Materials Scavenger-Mutant | -9/Mines Mutant | -8/Materials Resources | -11 -10 -9 -9 -8 ----------- Run | Yrd Mat Mat Min Mat Matter Collected 978 | 137 268 127 10 436 Remotely 15 | . . . . 15 Salvage Created 1172 | . 409 139 . 624 Parts 61 | . 19 6 . 36 Haulers Intercepted . | . . . . . Recyclers Shooed 2 | . 1 1 . . Parts Field Recycled . | . . . . . Retrieved Matter . | . . . . . Parts Self-Destructed . | . . . . . Prevented . | . . . . . Parts Restored . | . . . . . Kills | -11 -10 -9 -9 -8 ------- Run | Yrd Mat Mat Min Mat Combat Hostiles Destroyed 25 | . 8 1 . 16 Melee 6 | . . . . 6 Guns 10 | . 7 1 . 2 Cannons 2 | . . . . 2 AOE 6 | . . . . 6 Classes Destroyed 8 | . 5 2 . 1 Worker 4 | . 2 1 . 1 Builder 1 | . 1 . . . Recycler 2 | . . 1 . 1 Watcher 3 | . 2 . . 1 Swarmer 8 | . 1 . . 7 Grunt 13 | . 7 . . 6 Brawler 1 | . . . . 1 Sentry 3 | . . 1 . 2 Best Kill Streak 5 | . 3 1 . 5 Combat Bots Only 5 | . 3 1 . 5 Max Kills in Single Turn 2 | . 1 1 . 2 Gunslinging . | . . . . . Exploded 2 | . . . . 2 Melee 1 | . . . . 1 Uniques/NPCs Destroyed . | . . . . . Combat | -11 -10 -9 -9 -8 -------- Run | Yrd Mat Mat Min Mat Hostile Shots Fired 233 | . 37 22 6 168 Missed 57 | . 8 8 . 41 Hits 176 | . 29 14 6 127 Melee 7 | . . . . 7 Projectile 169 | . 29 14 6 120 AOE 7 | . . . 7 . Critical Strikes 8 | . . 3 . 5 Damage Taken 3267 | . 318 211 829 1909 Core 809 | . 71 33 150 555 Absorbed by Shields . | . . . . . Regen/Repaired (Parts) 23 | . 23 . . . Core Remaining (%) 75 | 100 71 . 54 . Volleys Fired 95 | . 43 6 1 45 Largest 2 | . 2 2 2 2 Hottest 121 | . 115 121 121 93 Shots Fired 148 | . 86 11 2 49 Gun 130 | . 86 10 2 32 Cannon 11 | . . . . 11 Launcher 7 | . . 1 . 6 Special . | . . . . . Kinetic 32 | . . . . 32 Thermal 109 | . 86 10 2 11 Explosive 7 | . . 1 . 6 Electromagnetic . | . . . . . Robot Hit Streak 11 | . 11 10 1 10 Robot Miss Streak 3 | . 3 . 1 1 Penetration Max . | . . . . . Secondary Targets 1 | . 1 . . . Max Gunslinging Chain 1 | . 1 . . . Shots Hit Robots 116 | . 53 10 1 52 Core Hits 50 | . 21 4 1 24 Critical Kills . | . . . . . Critical Parts Destroyed 1 | . . . . 1 Critical Strikes 9 | . 3 4 . 2 Burn 7 | . 3 4 . . Destroy 1 | . . . . 1 Sever 1 | . . . . 1 Melee Attacks 21 | . . . . 21 Impact . | . . . . . Slashing 21 | . . . . 21 Piercing . | . . . . . Sneak Attacks 4 | . . . . 4 Combat Hostiles . | . . . . . Follow-up Attacks . | . . . . . Damage Inflicted 2781 | . 726 162 18 1875 Guns 1270 | . 726 129 18 397 Cannons 138 | . . . . 138 Explosions 586 | . . 25 . 561 Melee 774 | . . . . 774 Ramming 13 | . . 8 . 5 Kinetic 397 | . . . . 397 Thermal 1011 | . 726 129 18 138 Explosive 586 | . . 25 . 561 Electromagnetic . | . . . . . Impact . | . . . . . Slashing 774 | . . . . 774 Piercing . | . . . . . Highest Corruption 23 | . 2 . 19 23 Average Corruption 19 | . 2 . 18 21 Corruption Purged . | . . . . . Corruption Blocked . | . . . . . Effects 24 | . . . 2 22 Message Errors 6 | . . . . 6 Matter Fused 5 | . . . 2 3 Heat Flow Errors 2 | . . . . 2 Energy Discharges 4 | . . . . 4 Parts Rejected 1 | . . . . 1 Parts Fused 1 | . . . . 1 Alerts 1 | . . . . 1 Misdirections 3 | . . . . 3 Weapon Failures 1 | . . . . 1 Overload Shots . | . . . . . Overflow Damage 75 | . . . . 75 Projectiles 4 | . . . . 4 Explosions 35 | . . . . 35 Melee 36 | . . . . 36 Knockbacks . | . . . . . Impact . | . . . . . Kinetic . | . . . . . Secondary . | . . . . . Self-Inflicted Damage 17 | . . . . 17 Shots 1 | . . . . 1 Rammed 3 | . . . . 3 Targets Rammed 4 | . . 1 . 3 Kicked 1 | . . 1 . . Crushed . | . . . . . Highest Temperature 373 | . 373 108 54 270 Average Temperature 138 | . 159 51 31 102 Received Heat Transfer 768 | . 138 126 . 504 Effects 2 | . 2 . . . Shutdowns 1 | . 1 . . . Energy Bleed 1 | . 1 . . . Siege Activations . | . . . . . Martial Activations . | . . . . . Shielding Activations . | . . . . . Robots Disrupted . | . . . . . Combat Hostiles . | . . . . . Robots Corrupted . | . . . . . Combat Hostiles . | . . . . . Parts Fried . | . . . . . Impact Corruptions . | . . . . . Robots Melted 2 | . 1 1 . . Combat Hostiles 1 | . 1 . . . Parts Melted 8 | . 5 3 . . Heat Transferred 3182 | . 2257 666 37 222 Parts Sabotaged . | . . . . . Parts Stolen . | . . . . . Parts Stripped . | . . . . . Power Chain Reactions . | . . . . . Alert | -11 -10 -9 -9 -8 ------- Run | Yrd Mat Mat Min Mat Maximum Alert Level . | . . . . . Low Security (%) 100 | 100 100 100 100 100 Level 1 . | . . . . . Level 2 . | . . . . . Level 3 . | . . . . . Level 4 . | . . . . . Level 5 . | . . . . . High Security . | . . . . . Max Security . | . . . . . Peak Influence 185 | . 94 34 . 185 Initial 34 | . . 34 . . Average 47 | . 24 14 . 98 Influence Increases 805 | . 255 63 . 487 Destroy 0b10 Robot/C 500 | . 160 20 . 320 Destroy 0b10 Robot/NC 50 | . 25 10 . 15 Destroy Leader 96 | . 34 10 . 52 Successful Hack 6 | . 6 . . . Disable Machine 15 | . . 15 . . Destroy Structure 63 | . . 8 . 55 Lose Combat Pursuer 75 | . 30 . . 45 Influence Decreases 805 | . 172 146 . 487 Entered New Map 49 | . . 49 . . Time Decay 561 | . 162 97 . 302 Lost Part 195 | . 10 . . 185 Squads Dispatched 5 | . 1 2 . 2 Investigation 4 | . 1 1 . 2 Extermination . | . . . . . Reinforcement 1 | . . 1 . . Assault . | . . . . . Garrison . | . . . . . Intercept . | . . . . . Searches Triggered . | . . . . . Construction Impeded . | . . . . . Haulers Reinforced . | . . . . . Active Scanning Responses . | . . . . . Cargo Convoy Interrupts . | . . . . . Stealth | -11 -10 -9 -9 -8 --------- Run | Yrd Mat Mat Min Mat Distress Signals 6 | . 3 1 . 2 Communications Jammed . | . . . . . Distress Signals . | . . . . . Times Spotted 48 | . 12 3 4 29 Peak Tracking Total 7 | . 4 2 5 7 Tactical Retreats 4 | . 1 . 1 2 Traps | -11 -10 -9 -9 -8 ------- Run | Yrd Mat Mat Min Mat Traps Triggered 1 | . 1 . . . Indirectly . | . . . . . Trap Hack Attempts . | . . . . . Triggered . | . . . . . Disarmed . | . . . . . Reprogrammed . | . . . . . Reused . | . . . . . Traps Extracted . | . . . . . Installed . | . . . . . Triggered . | . . . . . Machines | -11 -10 -9 -9 -8 ---------- Run | Yrd Mat Mat Min Mat Machines Disabled 1 | . . 1 . . Max in Single Turn 1 | . . 1 . . Machines Repaired . | . . . . . Machines Dismantled . | . . . . . Machines Sabotaged . | . . . . . Overloaded Fab Kills . | . . . . . Hacking | -11 -10 -9 -9 -8 --------- Run | Yrd Mat Mat Min Mat Machines Accessed 7 | . 3 2 . 2 Terminals 5 | . 2 2 . 1 Fabricators . | . . . . . Repair Stations 1 | . 1 . . . Recycling Units 1 | . . . . 1 Scanalyzers . | . . . . . Garrison Access . | . . . . . Total Hacks 11 | . 5 3 . 3 Successful 8 | . 4 1 . 3 Failed 3 | . 1 2 . . Catastrophic 1 | . . 1 . . Database Lockouts . | . . . . . Manual 11 | . 5 3 . 3 Terminals 7 | . 3 3 . 1 Fabricators . | . . . . . Repair Stations 2 | . 2 . . . Recycling Units 2 | . . . . 2 Scanalyzers . | . . . . . Garrison Access . | . . . . . Terminal Hacks 2 | . 1 1 . . Prototype ID Bank 1 | . 1 . . . Alert Level 1 | . . 1 . . Fabricator Hacks . | . . . . . Repair Station Hacks 2 | . 2 . . . Scan Component 1 | . 1 . . . Repair 1 | . 1 . . . Recycling Unit Hacks 1 | . . . . 1 Report Inventory 1 | . . . . 1 Scanalyzer . | . . . . . Garrison Access Hacks . | . . . . . Unauthorized Hacks 3 | . 1 . . 2 Terminals 2 | . 1 . . 1 Search 2 | . 1 . . 1 Fabricators . | . . . . . Repair Stations . | . . . . . Recycling Units 1 | . . . . 1 Monitor 1 | . . . . 1 Scanalyzers . | . . . . . Garrison Access . | . . . . . Data Cores Recovered . | . . . . . Used . | . . . . . Hacking Detections 4 | . 1 2 . 1 Full Trace Events 2 | . . 1 . 1 Feedback Events . | . . . . . Feedback Blocked . | . . . . . Robot Schematics Acquired . | . . . . . Robots Built . | . . . . . Authchips . | . . . . . Time . | . . . . . Total Robot Build Rating . | . . . . . Part Schematics Acquired . | . . . . . Parts Built . | . . . . . Authchips . | . . . . . Time . | . . . . . Total Part Build Rating . | . . . . . Part Studies Acquired . | . . . . . Parts Repaired 1 | . 1 . . . Time 26 | . 26 . . . Parts Recycled . | . . . . . Recycled Matter . | . . . . . Retrieved Matter . | . . . . . Retrieved Components . | . . . . . Parts Scanalyzed . | . . . . . Part Schematics Acquired . | . . . . . Parts Damaged . | . . . . . Bothacking | -11 -10 -9 -9 -8 ------------ Run | Yrd Mat Mat Min Mat Used RIF Installer . | . . . . . Robots Hacked . | . . . . . Non-combat . | . . . . . Combat . | . . . . . Robot Hacks Applied . | . . . . . Relay Couplers Released . | . . . . . Fabnet Peak Effective % . | . . . . . Robots Rewired . | . . . . . Allies Hacked . | . . . . . Hacks Repelled . | . . . . . Allies | -11 -10 -9 -9 -8 -------- Run | Yrd Mat Mat Min Mat Total Allies . | . . . . . Largest Group . | . . . . . Highest-Rated Group . | . . . . . Highest-Rated Ally . | . . . . . Total Orders . | . . . . . Ally Attacks . | . . . . . Total Damage . | . . . . . Kills . | . . . . . Allies Corrupted . | . . . . . Allies Melted . | . . . . . Intel | -11 -10 -9 -9 -8 ------- Run | Yrd Mat Mat Min Mat Active Infowar (turns) 785 | . 116 251 192 226 Optics 785 | . 116 251 192 226 Robot Analysis Total . | . . . . . Derelict Logs Recovered 1 | . . . 1 . Drone Launches . | . . . . . Drone Recoveries . | . . . . . Exploration | -11 -10 -9 -9 -8 ------------- Run | Yrd Mat Mat Min Mat Turns Passed 1738 | 84 551 251 192 660 Spaces Moved 1122 | 92 315 164 182 369 Core 287 | 27 . . 91 169 Treads . | . . . . . Legs 434 | . 11 164 91 168 Wheels 374 | 65 304 . . 5 Hover . | . . . . . Flight 27 | . . . . 27 Fastest Speed 40 | 50 90 120 50 40 Average Speed 101 | 77 93 120 89 112 Slowest Speed 280 | 90 190 120 250 280 Overloaded Moves . | . . . . . Propulsion Burnouts . | . . . . . Robots Hopped . | . . . . . Potential Cave-ins 6 | . . . 6 . Cave-ins Triggered 3 | . . . 3 . Exploration Rate (%) 29 | 4 36 28 53 25 Regions Visited 4 Branch Regions 1 Pre-discovered Areas 1 | . . . 1 . Known Exits Taken 1 | . . 1 . . Unknown Exits Taken 3 | 1 1 . 1 . Scrap Searched . | . . . . . Spaces Dug . | . . . . . Terrain Destroyed 64 | . . 8 . 56 Melee . | . . . . . Projectile 2 | . . . . 2 AOE 62 | . . 8 . 54 Terrain Rammed . | . . . . . Walls Destroyed . | . . . . . Machines Disabled . | . . . . . Actions | -11 -10 -9 -9 -8 --------- Run | Yrd Mat Mat Min Mat Total 1520 | 101 484 207 209 519 Wait 183 | . 119 13 19 32 Move 1115 | 91 314 163 178 369 Hop . | . . . . . Pick Up 16 | 4 2 2 . 8 Fast Attach 40 | 6 4 3 1 26 Attach 10 | . . 4 4 2 Detach 10 | . 1 4 2 3 Swap 8 | . 1 6 . 1 Drop 15 | . . 5 1 9 Fire 95 | . 43 6 1 45 Melee 21 | . . . . 21 Ram 3 | . . . . 3 Kick 1 | . . 1 . . Crush . | . . . . . Escape Stasis 3 | . . . 3 . Rewire . | . . . . . Trap . | . . . . . Miscellaneous . | . . . . . Route ------- -11/Scrapyard -10/Materials -9/Materials (discovered 2 exits: *Min / [*Sto]) -9/Mines -8/Materials History --------- Turn | Location | Event 10 | -11/Scrapyard | Discovered new exit (range 16) 85 | -11/Scrapyard | Entered Materials 321 | -10/Materials | Build established: Mutant 349 | -10/Materials | Repaired Ion Engine 534 | -10/Materials | Discovered new exit (range 18) 636 | -10/Materials | Entered another Materials area 636 | -9/Materials | Evolved 2 slots: Propulsion x1, Utility x1 645 | -9/Materials | Discovered new exit (range 17) 850 | -9/Materials | Discovered new exit (range 14) 866 | -9/Materials | Identified exit to Mines 887 | -9/Materials | Entered Mines 974 | -9/Mines | Assembled infested the area 979 | -9/Mines | Assisted by a Guerilla fighting off Assembled 1010 | -9/Mines | Crushed by falling debris 1017 | -9/Mines | Crushed by falling debris 1018 | -9/Mines | System corruption reached 10% 1018 | -9/Mines | Crushed by falling debris 1049 | -9/Mines | Lost 9 parts (1p3n1u4w) 1056 | -9/Mines | Discovered new exit (range 8) 1068 | -9/Mines | Received a Rocket Launcher from a helpful Derelict 1079 | -9/Mines | Entered Materials 1079 | -8/Materials | Evolved 2 slots: Propulsion x1, Utility x1 1213 | -8/Materials | Lost 4 parts (1n1u2w) 1306 | -8/Materials | System corruption reached 10% 1341 | -8/Materials | Lost 6 parts (1p4u1w) 1633 | -8/Materials | Core integrity fell below 50% 1680 | -8/Materials | Lost 4 parts (3n1u) 1733 | -8/Materials | Core integrity fell below 20% 1739 | -8/Materials | Destroyed by H-61 Shepherd with Heavy Assault Cannon Last Messages --------------- 01729_ K-01 Serf destroyed. 01730_ Acquired 10 matter. 01730_ W-25 Informer sends out distress signal. 01732_ &9CO1NKREVJMV5EITVYT%4032N#E 01732_ Acquired Wheel. 01732_ >> MONITOR: Recycling Unit M001 accepting Particle Gun (86%). 01732_ Penetrated by Slug. 01732_ Lgt. Ion Engine destroyed. 01732_ U-05 Engineer destroyed. 01732_ Penetrated by Slug. 01733_ Acquired 5 matter. 01735_ Acquired Wheel. 01735_ >> MONITOR: Recycling Unit M001 accepting Aluminum Leg (13%). 01735_ Penetrated by Slug. 01736_ Acquired 10 matter. 01738_ >> MONITOR: Recycling Unit M001 accepting Aluminum Leg (82%). 01738_ Penetrated by Slug. 01739_ W-25 Informer destroyed. 01739_ Penetrated by Slug. 01739_ Wheel destroyed. Map ----- +----------------------------------------------------+ | #????????????????????????????????????????? | | ### #????????????????????????????????????????? | | #########????????????????????????????????????????? | | #??????????????????????????????????????????????? | | " #??????????????????????????????????????????????? | | " #??????????????????????????????????????????????? | | " #??????????????????????????????????????????????? | | #??????????????????????????????????????????????? | | #??????????????????????????????????????????????? | | ###??????????????????????????????????????????????? | | ?????????????????????????????????????????????????? | | ?????????????????????????????????????????????????? | | ?????????????????????????????????????????????????? | | ?????????????????????????????????????????????????? | | ?????????????????????????????????????????????????? | | ?????????????????????????????????????????????????? | | ?????????????????????????????????????????????????? | | ?????????????????????????????????????????????????? | | ?????????????????????????????????????????????????? | | ?????????########????????????????????????????????? | | ?????????#]]!! #????????????????????????????????? | | ?????????#]]!! #????????????????????????????????? | | ?????????# ! #????????????????????????????????? | | ########## ! ##???????????????????????????????? | | ############### #?????????????? | | % a =!% %*@%=H t #????????????? | | ############## ????????? | | #############"####???????????????????????????????? | | ?????????????????????????????????????????????????? | | ?????????????????????????????????????????????????? | | ?????????????????????????????????????????????????? | | ?????????????????????????????????????????????????? | | ?????????????????????????????????????????????????? | | ?????????????????????????????????????????????????? | | ?????????????????????????????????????????????????? | | ?????????????????????????????????????????????????? | | ?????????????????????????????????????????????????? | | ?????????????????????????????????????????????????? | | ?????????????????????????????????????????????????? | | ?????????????????????????????????????????????????? | | ?????????????????????????????????????????????????? | | ?????????????????????????????????????????????????? | | ?????????????????????????????????????????????????? | | ?????????????????????????????????????????????????? | | ?????????????????????????????????????????????????? | | ?????????????????????????????????????????????????? | | ?????????????????????????????????????????????????? | | ?????????????????????????????????????????????????? | | ?????????????????????????????????????????????????? | | ?????????????????????????????????????????????????? | +----------------------------------------------------+ Best States ------------- Heat Dissipation 41 Energy Generation 14 Energy Capacity 280 Matter Stores 370 Matter Capacity 600 Sight Range 18 Terrain Scan Density 110 Armor Coverage 150 Evasion (%) 55 Targeting Accuracy 6 Melee Accuracy 12 Trap Extractor Capacity 4 Item Schematics ----------------- None Robot Schematics ------------------ None Fabricated ------------ Nothing Repaired ---------- Ion Engine | 61% | -10/Materials Studied --------- None Alien Tech Used ----------------- None Achievements -------------- Brute Force Challenges ------------ None Game ------ Seed VariableImpactSlamshotty Manual? 0 Play Time 00:37:36 Cumulative 22.5 hours Start 2025.10.23 @ 10:45:01 End 2025.10.23 @ 16:22:35 Sessions 3 Manual Loads 0 Difficulty Rogue Special Mode None Game No. 35 Rogue 18 Adventurer 16 Explorer 1 Win Type - Total 0 Types 0/0/0/0/0/0/0/0/0/0 Lore% 9 Gallery% 25 Achievement% 17 Wizard Run 0 Options --------- Layout 0 ASCII 0 Keyboard 1 Movement Numpad Keybinds 0 Fullscreen 2 Font 18/SmallcapsGlow Map View 76x50 Zoom Use 1% Tactical HUD 1 Map Filters NONE Filters NONE Steam 1 RUN: 55235689-5d1e-4327-9a3a-74185be4ffcf